AoeStats
← Eladoking123

Arena

509574349Analyzed
4v4 RM · 4d ago on Sep 27, 2026· 44m 57s· 8 players
Game mode
Random Map
Map size
Large (8 player)
Population
200
Speed
Normal
Resources
Standard
Victory
Conquest
Starting age
Dark Age
Ending age
Imperial Age
RankedLock teamsTeams togetherTeam positionsShared explorationLock speedFull tech treeHidden civsTurbo modeCheats
Victory
Defeat
🇨🇳 Magyars · China
922
+14
🇨🇳 Britons · China
892
+15
🇮🇹 Teutons · Italy
883
+16
🇨🇳 Varangians · China
819
+18
🇨🇳 Khmer · China
954
-18
🇦🇷 Bohemians · Argentina
853
-15
🇦🇷 Wu · Argentina
853
-15
🇦🇷 Romans · Argentina
848
-15
风从草原走过
5:19 Loom
11:23 Feudal Age
15:48 Castle Age
13:45 Double-Bit Axe
13:43 Horse Collar
16:54 Bow Saw
16:45 Heavy Plow
17:53 Fervor
23:39 Wheelbarrow
28:59 Imperial Age
27:49 Hand Cart
30:31 Warwolf
30:54 Conscription
32:16 Two-Man Saw
32:12 Hoardings
31:49 Fletching
32:00 Padded Archer Armor
32:04 Squires
31:25 Pikeman
33:07 Bodkin Arrow
33:16 Gold Mining
33:17 Stone Mining
33:44 Leather Archer Armor
36:33 Gold Shaft Mining
35:44 Town Watch
36:00 Bracer
36:30 Ring Archer Armor
36:57 Yeomen
36:51 Scale Mail Armor
37:01 Forging
37:46 Elite Longbowman
39:06 Halberdier
40:12 Town Patrol
40:40 Chain Mail Armor
41:01 Iron Casting
41:45 Block Printing
41:51 Sanctity
41:39 Arson
41:40 Gambesons
42:29 Plate Mail Armor
43:08 Chemistry
42:28 Ballistics
42:05 Murder Holes
42:20 Masonry
41:56 Arrowslits
42:34 Fortified Wall
44:35 Blast Furnace
FraButtu89
11:46 Feudal Age
16:38 Castle Age
15:09 Double-Bit Axe
15:05 Horse Collar
25:13 Heavy Plow
25:25 Bow Saw
34:28 Imperial Age
32:17 Town Watch
33:08 Wheelbarrow
32:31 Pikeman
33:12 Squires
34:24 Gold Mining
34:53 Hand Cart
35:22 Ironclad
35:26 Heavy Scorpion
39:01 Crop Rotation
39:10 Scale Mail Armor
39:21 Forging
40:13 Two-Man Saw
41:06 Stone Mining
43:03 Halberdier
43:29 Gambesons
43:30 Arson
45:56 Chemistry
45:13 Chain Mail Armor
45:34 Iron Casting
长夜将明
4:59 Loom
11:42 Feudal Age
16:11 Castle Age
14:45 Double-Bit Axe
23:05 Bow Saw
22:55 Horse Collar
24:01 Wheelbarrow
24:16 Heavy Plow
24:28 Gold Mining
26:16 Gold Shaft Mining
25:32 Stone Mining
26:51 Hand Cart
26:46 Town Watch
26:56 Fletching
27:07 Padded Archer Armor
29:03 Town Patrol
30:26 Bodkin Arrow
30:46 Leather Archer Armor
33:43 Imperial Age
32:08 Scale Barding Armor
32:17 Bloodlines
32:08 Husbandry
32:37 Corvinian Army
34:56 Parthian Tactics
33:52 Heavy Cavalry Archer
35:59 Chemistry
35:19 Ballistics
37:42 Bracer
38:12 Ring Archer Armor
38:03 Chain Barding Armor
40:01 Conscription
39:02 Elite Magyar Huszar
39:45 Recurve Bow
39:06 Elite Magyar Huszar
Iluvatar
5:39 Loom
11:35 Feudal Age
11:45 Feudal Age
17:18 Castle Age
15:39 Double-Bit Axe
17:27 Horse Collar
19:30 Bow Saw
19:23 Heavy Plow
23:04 Gold Mining
27:31 Wheelbarrow
29:32 Imperial Age
26:48 Town Watch
27:22 Forging
27:13 Scale Mail Armor
27:56 Town Patrol
28:03 Stone Mining
28:34 Gambesons
28:51 Squires
28:40 Arson
29:22 Chain Mail Armor
30:31 Iron Casting
31:27 Plate Mail Armor
30:36 Elite Varangian Guard
32:04 Crop Rotation
33:00 Two-Man Saw
33:39 Blast Furnace
32:57 Hand Cart
37:57 Conscription
36:58 Gothikon
38:20 Scale Barding Armor
37:58 Vendel Legacy
38:55 Cavalier
40:17 Chain Barding Armor
40:08 Bloodlines
40:07 Husbandry
43:21 Plate Barding Armor
𒉭 Kusu 𒉭
12:19 Feudal Age
16:48 Castle Age
14:44 Double-Bit Axe
18:41 Bow Saw
18:12 Horse Collar
22:54 Heavy Plow
23:42 Wheelbarrow
24:24 Caravan
25:05 Hand Cart
29:08 Imperial Age
27:05 Ballistics
26:38 Fletching
26:49 Padded Archer Armor
27:31 Bodkin Arrow
28:38 Chemistry
30:35 Siege Engineers
30:37 Bracer
30:53 Leather Archer Armor
31:06 Wagenburg Tactics
31:22 Conscription
32:33 Two-Man Saw
31:42 Houfnice
33:08 Loom
35:07 Elite Hussite Wagon
37:10 Ring Archer Armor
Eladoking123
11:15 Feudal Age
15:35 Castle Age
14:23 Horse Collar
14:30 Double-Bit Axe
14:41 Stone Mining
18:51 Bow Saw
19:08 Fletching
22:17 Heavy Plow
26:25 Loom
27:18 Wheelbarrow
26:30 Town Watch
27:17 Town Patrol
27:33 Padded Archer Armor
34:14 Imperial Age
32:34 Ballistics
31:57 Treadmill Crane
32:33 Bodkin Arrow
32:57 Hand Cart
32:37 Gold Mining
36:24 Chemistry
39:17 Heavy Scorpion
42:37 Caravan
43:15 Squires
42:50 Pikeman
Intelwhite
2:18 Loom
13:30 Feudal Age
15:01 Double-Bit Axe
15:11 Horse Collar
18:22 Castle Age
17:41 Forging
18:42 Scale Mail Armor
18:28 Man-at-Arms
19:15 Long Swordsman
20:10 Gold Mining
20:38 Bow Saw
25:05 Iron Casting
26:50 Wheelbarrow
27:20 Gold Shaft Mining
27:19 Ballistas
28:33 Heavy Plow
28:29 Stone Mining
30:49 Ballistics
30:53 Chain Mail Armor
30:44 Scale Barding Armor
37:53 Imperial Age
38:19 Legionary
40:05 Chemistry
40:44 Crop Rotation
40:52 Heavy Scorpion
949463290
11:45 Feudal Age
12:51 Double-Bit Axe
12:49 Horse Collar
20:30 Castle Age
25:21 Bow Saw
26:28 Stone Mining
26:31 Gold Mining
26:44 Heavy Plow
27:51 Bloodlines
27:42 Husbandry
29:10 Wheelbarrow
32:31 Imperial Age
Connection lost

Rejoining the realm…

Still unreachable

The connection could not be restored.

Session expired

The server has moved on; the page needs a fresh start.